Unix NetHack Version 5.0.0-0 post-release - last build Jun 10 2026 00:39:30 (3ee93aec679c4c4259841fe613dc97188e26a321,branch:main).

Game began 2026-06-14 13:17:11, ended 2026-06-14 13:48:52.

6tay9, lawful female dwarven Valkyrie

                    --------------------------------
                    |...........................So.-
                    | -----|----------.{..------|-@|
                          |..|....|..|---.|(((|..|i|
                          |.{|..  |..|  |.|(((|((|..###
                      --------|---|..|  +.|...|((|.|#### #(
                      |....|......-|-----.--|----|.| ?##* #
                      |....|.--|-.............|..|@|   )# #
                      |._..-.|..|.....{..--|-.-..|.|  ######
       ---------      |....|.|..|....)...|..|)----.|    #
       |.......|      |-----.|..|........|..|......|    ##
       |.....<.|#     |((.-..|------|-...|--|......|    ##
       |........####  |((.|..+  |....|...|..|......|    ##
       |.......|#  #  |((.|..|  |....|...|..|.......   ###
       |.......|   #| -----..---------...-|--......|     #..---  -
       |........   #|.........................)....| #####-........|
       ---------   #--------------------------------##    |.........
                   ###################################     .>.......
                                                           ---------

6tay9 the Fighter           St:16 Dx:11 Co:17 In:8 Wi:10 Ch:14  Lawful
Dlvl:8  $:0  HP:0(68) Pw:11(11) AC:5  Xp:6 T:3203 

Latest messages:
 You hit the Uruk-hai!
 The Uruk-hai hits!
 You miss the Uruk-hai.
 The Uruk-hai hits!
 You miss the Uruk-hai.
 The Uruk-hai hits!
 You miss the Uruk-hai.
 You hit the Uruk-hai.
 The Uruk-hai shoots 2 poisoned orcish arrows!
 You are almost hit by the 1st poisoned orcish arrow.
 The 2nd poisoned orcish arrow misses you.
 You hit the Uruk-hai.
 The quasit hits!
 The quasit hits again!
 The quasit bites!
 The Uruk-hai hits!
 You hit the Uruk-hai.
 The quasit hits!
 The quasit hits again!
 The quasit bites!
 The Uruk-hai hits!
 The large dog misses the quasit.
 The quasit misses!
 The quasit hits!
 The quasit bites!
 You see here a scroll labeled NR 9.
 The large dog misses the quasit.
 Pick a monster, object or location.
 The Uruk-hai wields an orcish short sword!
 You hear some noises.
 The quasit hits!
 The quasit hits again!
 The quasit bites!
 The Uruk-hai wields an orcish bow!
 You hit the quasit!
 The quasit hits!
 The quasit hits again!
 The quasit bites!
 You miss the quasit.
 The quasit hits!
 The quasit hits again!
 The quasit bites!
 The quasit hits!
 The quasit hits again!
 The quasit bites!
 The Uruk-hai swings her scimitar.
 The Uruk-hai hits!
 You die...
 Do you want your possessions identified? [ynq] (y)
 Do you want to see your attributes? [ynq] (y)

Inventory:
 Weapons  (')')
  R - 9 poisoned +0 orcish arrows
  S - a +0 orcish bow
  L - 23 +0 darts
  b - 4 +0 daggers (at the ready)
  M - 5 cursed -2 daggers
  a - a +1 dwarvish spear (weapon in right hand)
  G - a cursed -2 elven dagger
  v - a blessed +0 orcish dagger
  D - a cursed -1 orcish spear
  T - a +0 orcish short sword
 Armor    ('[')
  U - a blessed +2 orcish helm
  w - an uncursed +0 orcish helm (being worn)
  l - an uncursed very rotted +0 pair of low boots (being worn)
  c - an uncursed rotted +3 small shield (being worn)
  H - an uncursed +0 cloak of displacement
  o - an uncursed +0 oilskin cloak (being worn)
 Comestibles  ('%')
  j - an uncursed clove of garlic
  d - 3 uncursed food rations
  B - an uncursed melon
  N - an uncursed pancake
  E - an uncursed tripe ration
 Scrolls  ('?')
  p - an uncursed scroll of charging
  x - an uncursed scroll of confuse monster
  f - an uncursed scroll of enchant armor
  k - an uncursed scroll of enchant weapon
  u - a blessed scroll of teleportation
 Spellbooks  ('+')
  C - an uncursed spellbook of protection
 Potions  ('!')
  r - an uncursed potion of object detection
  s - a cursed potion of object detection
  O - an uncursed potion of polymorph
  g - an uncursed potion of see invisible
  A - an uncursed potion of sleeping
  F - a blessed potion of speed
  t - an uncursed potion of speed
  n - an uncursed potion of water
 Rings    ('=')
  h - a cursed ring of fire resistance
 Wands    ('/')
  V - a blessed wand of magic missile (0:5)
  m - a wand of magic missile (0:6)
  P - a wand of striking (0:6)
 Tools    ('(')
  Q - an uncursed wax candle

6tay9 the Valkyrie's attributes:

Background:
 You were a Fighter, a level 6 dwarven Valkyrie.
 You were lawful, on a mission for Tyr
 who was opposed by Odin (neutral) and Loki (chaotic).
 You were right-handed.
 You were in the Gnomish Mines, on level 8.
 You entered the dungeon 3203 turns ago.
 There was a new moon in effect when your adventure ended.
 You had 399 experience points, 241 more were needed to attain level 7.

Basics:
 You had 0 out of 68 hit points.
 You had all 11 energy points (spell power).
 Your armor class was 5.
 Your wallet was empty.
 Autopickup was off.

Final Characteristics:
 Your strength was 16 (limit:18/100).
 Your dexterity was 11 (limit:20).
 Your constitution was 17 (limit:20).
 Your intelligence was 8 (limit:16).
 Your wisdom was 10 (limit:16).
 Your charisma was 14 (limit:16).

Final Status:
 You weren't hungry.
 You were unencumbered.
 You were wielding a spear.
 You had basic skill with spear and could have enhanced that.

Final Attributes:
 You were piously aligned.
 You were cold resistant.
 You had infravision.
 You were stealthy.
 You were guarded.
 You are dead.

Miscellaneous:
 You encountered 1 bones level.
 Total elapsed playing time was 31 minutes and 40 seconds.

Major events:
 Turn
    1: 6tay9 the lawful dwarven Valkyrie entered the dungeon
  242: attained the rank of Skirmisher (level 3)
 1536: entered the Gnomish Mines
 2913: reached Mine Town
 3002: attained the rank of Fighter (level 6)
 3203: killed by an Uruk-hai

You didn't know any spells.

Skills:
 Fighting Skills
   bare handed combat [Unskilled]
   two weapon combat  [Unskilled]
   riding             [Unskilled]
 Weapon Skills
   dagger             [Basic]
   axe                [Unskilled]
   pick-axe           [Unskilled]
   short sword        [Unskilled]
   broadsword         [Unskilled]
   long sword         [Unskilled]
   two-handed sword   [Unskilled]
   saber              [Unskilled]
   hammer             [Unskilled]
   quarterstaff       [Unskilled]
   polearms           [Unskilled]
   spear              [Basic]
   trident            [Unskilled]
   lance              [Unskilled]
   sling              [Unskilled]
 Spellcasting Skills
   attack spells      [Unskilled]
   escape spells      [Unskilled]

Voluntary challenges:
 Character rerolling was not enabled.
 You never genocided any monsters.
 You never polymorphed an object.
 You used no wishes.
Achievements:
 You attained the rank of Skirmisher.
 You entered the Gnomish Mines.
 You entered Minetown.
 You attained the rank of Fighter.
 You entered a temple.
 You entered a shop.

 The Dungeons of Doom: levels 1 to 4
    Level 1:
       A fountain.
    Level 2:
       Some fountains.
    Level 3:
       An altar to Tyr, some fountains.
    Level 4:
       Stairs down to The Gnomish Mines.
 The Gnomish Mines: levels 5 to 8
    Level 5:
    Level 6:
    Level 7:
       Final resting place for
          KraJa-Bar-Orc-Mal-Cha, killed by an owlbear.
    Level 8: <- You were here.
       Many shops, a temple and an altar, some fountains, a sink.
       Final resting place for
          you, killed by an Uruk-hai.


Vanquished creatures:
  4 brown puddings
 an owlbear
  4 Uruk-hai
  a rock mole
  4 fog clouds
  4 gnome leaders
  a gray ooze
  4 elf zombies
  a giant ant
  2 floating eyes
  a dwarf
  2 homunculi
  a rabid rat
  a centipede
  2 giant bats
  2 monkeys
  a werejackal
 an acid blob
  2 coyotes
  2 gas spores
  a hobbit
  a large kobold
  3 hobgoblins
  2 giant rats
  a yellow mold
 16 gnomes
  3 geckos
  5 jackals
  2 foxes
  a kobold
  2 goblins
  4 sewer rats
  4 grid bugs
  2 bats
  2 kobold zombies
  7 newts
97 creatures vanquished.

No species were genocided or became extinct.

Game over:
                       ----------
                      /          \
                     /    REST    \
                    /      IN      \
                   /     PEACE      \
                  /                  \
                  |      6tay9       |
                  |       0 Au       |
                  |   killed by an   |
                  |     Uruk-hai     |
                  |                  |
                  |                  |
                  |       2026       |
                 *|     *  *  *      | *
        _________)/\\_//(\/(/\)/\//\/|_)_______

Farvel 6tay9 the Valkyrie...

You died in The Gnomish Mines on dungeon level 8 with 1946 points,
and 0 pieces of gold, after 3203 moves.
You were level 6 with a maximum of 68 hit points when you died.

